 Dungeon Crawl Stone Soup version 0.25-a0-869-g05d4e06a41 (webtiles) character file.

Game seed: 6524852129827499565, levelgen mode: deterministic

7717 Theen the Jinx (level 11, -5/54 HPs)
             Began as a Vampire Enchanter on May 1, 2020.
             Was a Priest of Nemelex Xobeh.
             Slain by an orange demon (10 damage)
             ... summoned by the player character
             ... on level 10 of the Dungeon.
             The game lasted 01:01:28 (9472 turns).

Theen the Jinx (Vampire Enchanter)                  Turns: 9472, Time: 01:01:28

Health: -5/54      AC:  6    Str:  7    XL:     11   Next: 0%
Magic:  27/31      EV: 18    Int: 21    God:    Nemelex Xobeh [***...]
Gold:   407        SH:  0    Dex: 15    Spells: 17/25 levels left

rFire    . . .     SeeInvis +   a - +1 dagger (venom)
rCold    + + .     Gourm    .   (no shield)
rNeg     + + +     Faith    .   w - +0 robe
rPois    ∞         Spirit   .   C - +0 helmet
rElec    .         Reflect  .   r - +0 cloak
rCorr    .         Harm     .   l - +1 pair of gloves
MR       +....                  (no boots)
Stlth    +++++++...             (no amulet)
HPRegen  0.00/turn              o - ring of stealth
MPRegen  0.22/turn              u - ring of magical power

@: confusing touch, bloodless, studying Fighting
A: no food, fangs 3, see invisible, unbreathing
a: Bat Form, Revivify, Draw Escape, Draw Destruction, Draw Summoning, Triple
Draw, Renounce Religion


You were on level 10 of the Dungeon.
You worshipped Nemelex Xobeh.
Nemelex Xobeh was most pleased with you.
You were bloodless.

You visited 1 branch of the dungeon, and saw 10 of its levels.

You collected 544 gold pieces.
You spent 137 gold pieces at shops.

Inventory:

Hand Weapons
 a - a +1 dagger of venom (weapon)
 b - a +1 rapier
 h - a +0 vampiric dagger
 i - a +1 dagger
 v - the cursed +1 spear of Casaomo {vorpal, +Rage Dex+3, unknown}
   (You found it on level 5 of the Dungeon)

   It inflicts extra damage upon your enemies.
   It affects your dexterity (+3).
   It lets you go berserk.
   It has a curse placed upon it.
 G - a +2 quarterstaff of distortion
 L - a -1 quick blade
Armour
 l - a +1 pair of gloves (worn)
 r - a +0 cloak (worn)
 w - a +0 robe (worn)
 C - a +0 helmet (worn)
Jewellery
 o - a ring of stealth (left hand)
 u - a ring of magical power (right hand)
 x - an uncursed amulet of harm {unknown}
 D - an uncursed ring of protection from magic
 H - the ring of Muiluril {rF- Str+7 Int+2 Dex+6, unknown}
   (You found it on level 9 of the Dungeon)

   [ring of intelligence]

   It affects your strength (+7).
   It affects your intelligence (+2).
   It affects your dexterity (+6).
   It makes you vulnerable to fire.
Wands
 s - a wand of flame (35)
 y - a wand of disintegration (9)
 B - a wand of random effects (26)
 F - a wand of polymorph (11)
Scrolls
 e - 4 scrolls of identify
 f - 2 scrolls of immolation
 k - 4 scrolls of amnesia
 q - a scroll of enchant armour
 t - a scroll of random uselessness {unknown}
 z - 3 scrolls of fog
 A - a scroll of blinking
 E - 3 scrolls of remove curse
 K - a scroll of teleportation
Potions
 c - a potion of haste
 d - a potion of magic
 g - a potion of heal wounds
 j - 2 potions of invisibility
 n - 2 potions of curing
 p - 3 potions of brilliance
Books
 m - a manual of Fighting
Miscellaneous
 I - a tin of tremorstones


   Skills:
 + Level 5.4 Short Blades
 + Level 8.4 Dodging
 + Level 9.7 Stealth
 + Level 7.9 Spellcasting
 - Level 4.0 Conjurations
 + Level 11.3 Hexes
 + Level 4.2 Invocations


You had 17 spell levels left.
You knew the following spells:

 Your Spells              Type           Power        Failure   Level  Hunger
a - Ensorcelled Hibernat  Hex/Ice        ####..       1%          2    N/A
b - Confusing Touch       Hex            ######..     1%          3    N/A
c - Dazzling Flash        Conj/Hex       #####.       1%          3    N/A

Your spell library contained the following spells:

 Spells                   Type           Power        Failure   Level  Hunger
 Corona                   Hex            ######.      1%          1    N/A
 Magic Dart               Conj           ####         1%          1    N/A
 Slow                     Hex            ######..     1%          2    N/A
 Tukima's Dance           Hex            ######..     1%          3    N/A
 Beastly Appendage        Tmut           #.....       9%          1    N/A
 Conjure Flame            Conj/Fire      ###.....     11%         3    N/A
 Blink                    Tloc           N/A          12%         2    N/A
 Call Imp                 Summ           #.......     12%         2    N/A
 Sticks to Snakes         Tmut           #.......     12%         2    N/A
 Mephitic Cloud           Conj/Pois/Air  ##......     14%         3    N/A
 Spider Form              Tmut/Pois      #.........   24%         3    N/A
 Ice Form                 Ice/Tmut       #.......     63%         4    N/A
 Blade Hands              Tmut           #.........   92%         5    N/A

Dungeon Overview and Level Annotations

Branches:
Dungeon (10/15)            Temple (0/1) D:7            Lair (0/6) D:10
    Orc (0/2) D:10

Altars:
Dithmenos
Elyvilon
Fedhas
Gozag
Makhleb
Nemelex Xobeh
Ru
Xom
Yredelemnul
Beogh

Shops:
D:4 !   D:9 *


Innate Abilities, Weirdness & Mutations

You do not eat.
You do not regenerate when monsters are visible.
You are frail without blood (-20% HP).
You can heal yourself when you bite living creatures.
You are immune to poison.
You have razor-sharp teeth.
You have supernaturally acute eyesight. (SInv)
You can survive without breathing.


Message History

The orange demon stings you from afar! The orange demon completely misses you.
The orange demon misses you.
Casting: Ensorcelled Hibernation (safe; 1% risk of failure)
Confirm with . or Enter, or press ? or * to list all spells.
Aiming: Ensorcelled Hibernation (safe; 1% risk of failure)
Press: ? - help, Shift-Dir - straight line, f - orc warrior
Aim: an orc warrior, wielding a +0 mace and wearing a +0 plate armour (severely wounded, chance to defeat MR: 61%)
The orange demon resists with almost no effort.
The orange demon stings you!
* * * LOW HITPOINT WARNING * * *
The orange demon hits you but does no damage.
Casting: Ensorcelled Hibernation (safe; 1% risk of failure)
Confirm with . or Enter, or press ? or * to list all spells.
Your hands begin to glow red.
The orange demon stings you.
* * * LOW HITPOINT WARNING * * *
The orange demon hits you but does no damage.
You hit the orange demon but do no damage.
Your bite misses the orange demon. The orange demon stings you!
You die...
Your body glows slightly and disappears.

#.......'...#######.####
#... #.......##### #.# ####
######'## #.# # #.# #.# #
#.# #.# ##### #.## #.# #....
#..# #######.######....
####..#####.4o.....§...+....
###
#..#'(#..#.@#####.##........
...#.#).).#.#.##
#.##..>..... #.##.))...####
#.##...).... #..'.[....'.#
#.##8ho.8### #..'......'.#
#.####o### # ####......###
#.##..oo)# # #[#....#%#
#.##..)..# # #..#''#..#
#.##.._..# # ####..####
#.##.....#


You could see an orange demon and an orc warrior.

Vanquished Creatures
  A two-headed ogre (D:9)
  Pikel (D:4)
  Maurice (D:8)
  4 hornets
  A basilisk (D:10)
  A yak (D:10)
  Eustachio (D:5)
  A soldier ant (D:8)
  2 water moccasins
  An ice beast (D:6)
  4 sky beasts
  4 slaves (D:4)
  2 orc warriors
  2 black bears
  A phantom (D:10)
  4 ogres
  2 necrophages (D:7)
  5 centaurs
  A big kobold (D:10)
  9 bullfrogs
  A gnoll sergeant (D:8)
  3 scorpions
  A centaur zombie (D:8)
  A howler monkey (D:7)
  7 crimson imps
  A quasit (D:5)
  3 hounds
  Crazy Yiuf (D:2)
  5 orc priests
  3 jellies
  6 orc wizards
  A bullfrog skeleton (D:7)
  5 iguanas
  9 worker ants
  2 hound skeletons (D:4)
  A worker ant zombie (D:8)
  3 gnolls
  9 adders
  4 shadow imps
  2 oozes (D:3)
  4 adder skeletons
  A worm (D:5)
  A dart slug (D:1)
  29 orcs
  9 giant cockroaches
  13 goblins
  3 hobgoblins
  7 jackals
  8 kobolds
  7 quokkas
  9 bats
  6 frilled lizards
  A jackal skeleton (D:6)
  A leopard gecko skeleton (D:6)
  7 rats
222 creatures vanquished.

Vanquished Creatures (collateral kills)
  A centaur warrior (D:10)
  An ice beast (D:10)
  A big kobold (D:10)
  A scorpion (D:10)
  An orc (D:10)
5 creatures vanquished.

Grand Total: 227 creatures vanquished

Notes
Turn   | Place    | Note
-------+----------+-------------------------------------------
     0 | D:1      | Theen the Vampire Enchanter began the quest for the Orb.
     0 | D:1      | Reached XP level 1. HP: 13/13 MP: 3/3
   209 | D:1      | Reached XP level 2. HP: 19/19 MP: 5/5
   340 | D:1      | Learned a level 2 spell: Ensorcelled Hibernation
   506 | D:1      | Reached skill level 5 in Stealth
   837 | D:2      | Reached XP level 3. HP: 24/24 MP: 5/7
   983 | D:2      | Found a faded altar of an unknown god.
  1151 | D:2      | Found a burning altar of Makhleb.
  1152 | D:2      | Found a shimmering altar of Xom.
  1356 | D:2      | Found a runed translucent door.
  1357 | D:2      | Noticed Crazy Yiuf
  1422 | D:2      | Killed Crazy Yiuf
  1422 | D:2      | Reached XP level 4. HP: 23/30 MP: 3/9
  1807 | D:3      | Learned a level 3 spell: Confusing Touch
  1811 | D:3      | Learned a level 3 spell: Dazzling Flash
  1997 | D:3      | Found a sacrificial altar of Ru.
  2006 | D:3      | Reached XP level 5. HP: 30/35 MP: 11/11
  2039 | D:3      | Found a white marble altar of Elyvilon.
  2283 | D:3      | Found a blossoming altar of Fedhas.
  2283 | D:3      | Found an opulent altar of Gozag.
  2397 | D:4      | Found Ekyxephy's Distillery.
  2406 | D:4      | Bought a potion of curing for 39 gold pieces
  2406 | D:4      | Bought a potion of degeneration for 13 gold pieces
  2501 | D:4      | You fall into a shaft and drop 1 floor!
  2501 | D:5      | Entered Level 5 of the Dungeon
  2502 | D:5      | Noticed an ogre
  2526 | D:5      | Killed an ogre
  2526 | D:5      | Reached skill level 1 in Conjurations
  2526 | D:5      | Reached skill level 5 in Hexes
  2534 | D:5      | Reached XP level 6. HP: 10/41 MP: 3/12
  2638 | D:5      | Got a smoking spear
  2804 | D:5      | Noticed a sky beast
  2814 | D:5      | Killed a sky beast
  2862 | D:5      | Reached skill level 6 in Hexes
  2893 | D:5      | Reached XP level 7. HP: 41/46 MP: 14/14
  2930 | D:5      | Reached skill level 5 in Spellcasting
  3224 | D:5      | Found a basalt altar of Yredelemnul.
  3313 | D:5      | Noticed Eustachio
  3327 | D:5      | Killed Eustachio
  3327 | D:5      | Reached skill level 7 in Hexes
  3650 | D:4      | Noticed Pikel
  4001 | D:4      | Reached XP level 8. HP: 10/52 MP: 16/16
  4023 | D:4      | Found a shadowy altar of Dithmenos.
  4240 | D:4      | Killed Pikel
  4240 | D:4      | Reached skill level 5 in Dodging
  4240 | D:4      | Reached skill level 8 in Hexes
  4584 | D:6      | Found a sparkling altar of Nemelex Xobeh.
  4595 | D:6      | Became a worshipper of Nemelex Xobeh the Trickster
  4688 | D:6      | Received a gift from Nemelex Xobeh
  4884 | D:6      | Reached XP level 9. HP: 28/45 MP: 18/18
  4893 | D:6      | Reached skill level 9 in Hexes
  5281 | D:7      | Reached * piety under Nemelex Xobeh
  5354 | D:7      | Found a staircase to the Ecumenical Temple.
  5366 | D:7      | Reached skill level 1 in Invocations
  5828 | D:7      | Received a gift from Nemelex Xobeh
  6155 | D:7      | Reached ** piety under Nemelex Xobeh
  6339 | D:7      | Received a gift from Nemelex Xobeh
  6353 | D:7      | Reached skill level 10 in Hexes
  6733 | D:8      | Noticed Maurice
  6751 | D:8      | Killed Maurice
  6751 | D:8      | Reached XP level 10. HP: 50/50 MP: 20/20
  7779 | D:9      | Noticed a two-headed ogre
  7787 | D:9      | Killed a two-headed ogre
  7893 | D:9      | Got a flickering jade ring
  8168 | D:9      | Found Saufykh's Lightly-Used Armoury.
  8175 | D:9      | Bought a -2 quick blade for 85 gold pieces
  8720 | D:10     | Entered Level 10 of the Dungeon
  8752 | D:10     | Found a staircase to the Lair.
  8769 | D:10     | Reached skill level 5 in Short Blades
  8769 | D:10     | Reached skill level 11 in Hexes
  8929 | D:10     | Received a gift from Nemelex Xobeh
  8949 | D:10     | Reached *** piety under Nemelex Xobeh
  9031 | D:10     | Noticed a centaur warrior
  9041 | D:10     | Killed a centaur warrior
  9416 | D:10     | Found a staircase to the Orcish Mines.
  9436 | D:10     | Found a roughly hewn altar of Beogh.
  9443 | D:10     | Reached XP level 11. HP: 54/54 MP: 22/22
  9472 | D:10     | Slain by an orange demon

Levels and vault maps discovered:
D:1:      tarquinn_simple_flora_water_f, layout_loops_cross
D:2:      layout_loops_cross, gammafunk_temple_overflow_statue,
          chequers_ecumenical_altar_simple_redux, uniq_crazy_yiuf_cottage
D:3:      layout_loops_cross, gammafunk_temple_overflow_elements,
          chequers_temple_overflow_statue_of_worship
D:4:      layout_gridville, grunt_dithmenos_shadows, first_ration, serial_shops,
          shop, uniq_pikel
D:5:      layout_basic, yredelemnul_altar_generic, serial_rivers,
          chequers_serial_rivers_small_b, chequers_serial_rivers_marsh,
          chequers_serial_rivers_micro_c, chequers_serial_rivers_room_b,
          chequers_serial_rivers_marsh, roderic_roman_lattice,
          minmay_manual_monstrance, uniq_eustachio
D:6:      layout_basic, basic_altar, minmay_misc_feat_five,
          minmay_misc_feat_doors, minmay_between
D:7:      layout_basic, minmay_temple_entry_offerings
D:8:      layout_basic, hangedman_pestilent_swarm, minivault_21, uniq_maurice
D:9:      layout_gridville, minmay_shop_damaged
D:10:     layout_roguey, david_lair_generic, minmay_orc_entry_temple_small,
          lightli_fourway_metalbox

Skill      XL: |  1  2  3  4  5  6  7  8  9 10 |
---------------+-------------------------------+-----
Stealth        | 5 7 9 |  9.7
Spellcasting   | 3 4 5 6 7 |  7.9
Dodging        | 3 4 6 7 8 |  8.4
Conjurations   | 1 2 3 4 |  4.0
Hexes          | 5 6 7 8 10 11 | 11.3
Invocations    | 2 4 |  4.2
Short Blades   | 3 5 |  5.4

Action                   |  1- 3 |  4- 6 |  7- 9 | 10-12 || total
-------------------------+-------+-------+-------+-------++-------
Melee: Dagger            |    66 |    99 |   347 |   120 ||   632
       Bite              |     2 |     8 |    25 |    13 ||    48
       Rapier            |       |       |    31 |    14 ||    45
 Cast: Ensorcelled Hiber |     3 |    17 |    58 |    33 ||   111
       Confusing Touch   |       |     2 |     8 |     4 ||    14
       Dazzling Flash    |       |       |     3 |       ||     3
Invok: Draw Destruction  |       |       |     1 |     4 ||     5
       Draw Summoning    |       |       |       |     4 ||     4
       Draw Escape       |       |       |       |     2 ||     2
 Abil: Exsanguinate      |       |       |     1 |       ||     1
Evoke: Wand              |       |       |       |     3 ||     3
  Use: Potion            |       |       |     9 |     4 ||    13
       Scroll            |       |       |     8 |     6 ||    14
 Stab: Sleeping          |    15 |    15 |    50 |    41 ||   121
       Confused          |       |       |     8 |     1 ||     9
       Distracted        |       |       |       |     1 ||     1
Armor: Robe              |     7 |    18 |    68 |    24 ||   117
Dodge: Dodged            |    26 |    69 |   265 |   103 ||   463

Table legend:
 A = Non-vault XP
 B = Vault XP
 C = Vault XP percentage of total XP
 D = Non-vault monster count
 E = Vault monster count
 F = Vault count percentage of total count
                 A         B        C        D         E       F
            +---------+---------+-------+---------+---------+-------
      Total |    6760 |    4265 |  38.7 |     189 |      34 |  15.2
            +---------+---------+-------+---------+---------+-------
        D:1 |      35 |       0 |   0.0 |      20 |       0 |   0.0
        D:2 |      21 |      41 |  66.1 |       7 |       1 |  12.5
        D:3 |     125 |       0 |   0.0 |      32 |       0 |   0.0
        D:4 |     312 |     640 |  67.2 |      23 |       2 |   8.0
        D:5 |     471 |     537 |  53.3 |      11 |       8 |  42.1
        D:6 |     882 |     137 |  13.4 |      16 |       5 |  23.8
        D:7 |    1601 |       0 |   0.0 |      25 |       0 |   0.0
        D:8 |     795 |    1514 |  65.6 |      16 |       5 |  23.8
        D:9 |    1550 |       0 |   0.0 |      17 |       0 |   0.0
       D:10 |     968 |    1396 |  59.1 |      22 |      13 |  37.1
            +---------+---------+-------+---------+---------+-------
